 Dungeon Crawl Stone Soup version 0.25.0-26-g0c896c7088 (webtiles) character file.

Game seed: 15783879787718581087

5090 Exodus22XD the Spear-Bearer (level 10, -5/74 HPs)
             Began as a Demonspawn Gladiator on July 4, 2020.
             Was a Follower of Uskayaw.
             Slain by a two-headed ogre
             ... wielding a +0 giant club
              (25 damage)
             ... on level 8 of the Dungeon.
             The game lasted 00:18:16 (9016 turns).

Exodus22XD the Spear-Bearer (Demonspawn Gladiator)  Turns: 9016, Time: 00:18:17

Health: -5/74      AC: 10    Str: 24    XL:     10   Next: 32%
Magic:  11/15      EV: 12    Int: 10    God:    Uskayaw [*.....]
Gold:   319        SH:  5    Dex: 14    Spells: 9/9 levels left

rFire    . . .     SeeInvis .   C - +1 spear (flame)
rCold    . . .     Gourm    .   (no shield)
rNeg     . . .     Faith    .   G - +2 scale mail {rPois}
rPois    +         Spirit   .   c - +0 helmet
rElec    .         Reflect  +   (no cloak)
rCorr    .         Harm     .   (no gloves)
MR       .....                  (no boots)
Stlth    ++........             o - amulet of reflection
HPRegen  0.22/turn              H - ring of stealth
MPRegen  0.14/turn              k - +6 ring of strength

@: no status effects
A: hooves 2, demonic guardian 1, rot immunity
a: Stomp, Renounce Religion


You were on level 8 of the Dungeon.
You worshipped Uskayaw.
Uskayaw was noncommittal.
You were near starving.

You visited 2 branches of the dungeon, and saw 9 of its levels.

You collected 369 gold pieces.
You spent 50 gold pieces at shops.

Inventory:

Hand Weapons
 a - a +0 trident
 C - a +1 spear of flaming (weapon)
Missiles
 d - 7 throwing nets (quivered)
Armour
 c - a +0 helmet (worn)
 g - +0 storm dragon scales
 B - a +0 buckler
 G - a +2 scale mail of poison resistance (worn)
Jewellery
 e - a cursed ring of flight {unknown}
 j - an uncursed ring of protection from cold
 k - a +6 ring of strength (right hand)
 o - an amulet of reflection (around neck)
 H - a ring of stealth (left hand)
Wands
 n - a wand of polymorph (3)
 q - a wand of digging (10)
 x - a wand of iceblast (12)
Scrolls
 b - a scroll of fog {unknown}
 i - 4 scrolls of teleportation
 l - 2 scrolls of immolation
 m - 3 scrolls of magic mapping
 p - 4 scrolls of amnesia
 s - 2 scrolls of random uselessness {unknown}
 y - a scroll of blinking {unknown}
 A - 3 scrolls of fear
 E - a scroll of remove curse {unknown}
 I - a scroll of identify
Potions
 h - a potion of might
 r - 2 potions of magic
 t - 2 potions of ambrosia {unknown}
 u - 2 potions of degeneration {unknown}
 v - a potion of lignification {unknown}
 w - a potion of heal wounds
 z - 3 potions of mutation {unknown}
 D - a potion of stabbing {unknown}
 F - 2 potions of haste {unknown}
Comestibles
 f - 15 rations


   Skills:
 + Level 5.5 Fighting
 + Level 9.2 Polearms
 - Level 1.7 Throwing
 + Level 5.6 Armour
 + Level 4.2 Dodging
 + Level 4.0 Stealth
 + Level 2.6 Shields
 * Level 7.7 Invocations


You had 9 spell levels left.
You didn't know any spells.
Your spell library was empty.

Dungeon Overview and Level Annotations

Branches:
Dungeon (8/15)             Temple (1/1) D:6            Lair (0/6) D:8

Altars:
Ashenzari
Cheibriados
Dithmenos
Elyvilon
Fedhas
Gozag
Hepliaklqana
Kikubaaqudgha
Makhleb
Nemelex Xobeh
Okawaru
Qazlal
Ru
Sif Muna
Trog
Uskayaw
Vehumet
Wu Jian
Xom
Yredelemnul
Zin
The Shining One

Shops:
D:4 !   D:5 [   D:7 (


Innate Abilities, Weirdness & Mutations

You have hoof-like feet.
A weak demonic guardian rushes to your aid.
You are immune to rotting.


Message History

You can now pass through a line of other dancers.
Aiming: Line Pass
Press: ? - help, Dir - move target cursor, p - two-headed ogre The two-headed ogre appears confused.
You are near starving!
You can no longer pass through a line of other dancers.
The two-headed ogre screams, "I'll kill you anyway!"
The two-headed ogre hits you with a +0 giant club!!
* * * LOW HITPOINT WARNING * * *
The two-headed ogre hits you with a +0 dire flail!
* * * LOW HITPOINT WARNING * * *
You see here 18 stones.
Attack whom?
Press: ? - help, Dir - move target cursor, f - two-headed ogre
Aim: a two-headed ogre, wielding a +0 giant club and a +0 dire flail (moderately wounded, confused)
Okay, then.
The two-headed ogre seems less confused.
You feel much better.
The two-headed ogre hits you with a +0 giant club!!
You die...

###############
#..@O...(.....#
#........########.######
#+#..>..... #..(....
##.....### #..#####
#...... #..# #...$###
.####..##### #.#.##
#............ #.#.
#.####.#..### #.#..#


You could see a two-headed ogre.

Vanquished Creatures
  Harold (D:8)
  A two-headed ogre (D:8)
  Pikel (D:7)
  Menkaure (D:6)
  2 orc warriors (D:6)
  3 ogres
  3 centaurs
  A big kobold (D:3)
  A gnoll sergeant (D:8)
  2 scorpions
  12 killer bees
  8 wights (D:8)
  A howler monkey (D:6)
  4 crimson imps
  2 hounds
  A bullfrog skeleton (D:5)
  4 orc wizards
  2 iguanas (D:4)
  A worker ant (D:4)
  A hound skeleton (D:6)
  A howler monkey skeleton (D:4)
  4 worker ant zombies
  4 gnolls
  7 adders
  A shadow imp (D:6)
  2 oozes (D:4)
  5 dart slugs
  A worm (D:3)
  6 leopard geckos
  18 orcs
  5 giant cockroaches
  4 goblins
  8 hobgoblins
  10 jackals
  5 quokkas
  A ball python (D:4)
  4 bats (D:1)
  10 frilled lizards
  9 kobolds
  A leopard gecko skeleton (D:6)
  A quokka skeleton (D:4)
  A quokka zombie (D:8)
  5 rats
165 creatures vanquished.

Vanquished Creatures (collateral kills)
  A two-headed ogre (D:8)
  Duvessa (D:5)
  An ogre (D:4)
  A big kobold (D:3)
  Dowan (D:5)
  A hound (D:6)
  3 orc priests (D:4)
  Ijyb (D:4)
  An adder (D:7)
  4 orcs
  A kobold (D:3)
16 creatures vanquished.

Vanquished Creatures (others)
  A slave (D:7)
  A bullfrog (D:7)
  A hound skeleton (D:7)
3 creatures vanquished.

Grand Total: 184 creatures vanquished

Notes
Turn   | Place    | Note
-------+----------+-------------------------------------------
     0 | D:1      | Exodus22XD the Demonspawn Gladiator began the quest for the
                  | Orb.
     0 | D:1      | Reached XP level 1. HP: 16/16 MP: 1/1
   259 | D:1      | Gained mutation: A weak demonic guardian rushes to your
                  | aid. [demonic ancestry]
   259 | D:1      | Reached XP level 2. HP: 15/22 MP: 2/2
   555 | D:1      | Reached skill level 3 in Polearms
   718 | D:1      | Reached XP level 3. HP: 27/27 MP: 3/3
  1588 | D:2      | Reached XP level 4. HP: 33/33 MP: 4/4
  1990 | D:3      | Reached skill level 1 in Armour
  2045 | D:3      | Noticed a big kobold
  2055 | D:3      | Killed a big kobold
  2055 | D:3      | Reached skill level 4 in Polearms
  2057 | D:3      | Gained mutation: You have large cloven feet. [demonic
                  | ancestry]
  2057 | D:3      | Reached XP level 5. HP: 28/39 MP: 5/5
  2676 | D:4      | Reached skill level 5 in Polearms
  2709 | D:4      | Gained mutation: You are immune to rotting. [demonic
                  | ancestry]
  2709 | D:4      | Reached XP level 6. HP: 28/46 MP: 6/6
  3152 | D:4      | Noticed Ijyb
  3185 | D:4      | Killed Ijyb
  3410 | D:4      | Found a blossoming altar of Fedhas.
  3654 | D:4      | Found Imuazoe's Distillery.
  3657 | D:4      | Bought a potion of heal wounds for 50 gold pieces
  3720 | D:5      | Entered Level 5 of the Dungeon
  3725 | D:5      | Noticed Dowan
  3728 | D:5      | Noticed Duvessa
  3770 | D:5      | Killed Duvessa
  3770 | D:5      | Reached XP level 7. HP: 30/52 MP: 7/7
  3782 | D:5      | Killed Dowan
  3782 | D:5      | Reached skill level 1 in Stealth
  4043 | D:5      | Found Borovuon's Antique Armour Shoppe.
  4074 | D:5      | Reached skill level 6 in Polearms
  4908 | D:6      | Noticed Menkaure
  4918 | D:6      | Found a staircase to the Ecumenical Temple.
  4972 | Temple   | Entered the Ecumenical Temple
  5182 | Temple   | Became a worshipper of Uskayaw the Reveler
  5280 | D:6      | Reached * piety under Uskayaw
  5344 | D:6      | Reached skill level 1 in Invocations
  5361 | D:6      | Reached ** piety under Uskayaw
  5371 | D:6      | Reached *** piety under Uskayaw
  5421 | D:6      | Reached XP level 8. HP: 53/59 MP: 7/9
  5474 | D:6      | Reached skill level 7 in Polearms
  5474 | D:6      | Reached **** piety under Uskayaw
  5978 | D:6      | Killed Menkaure
  5978 | D:6      | Reached skill level 1 in Shields
  6323 | D:7      | Noticed Pikel
  6349 | D:7      | Killed Pikel
  6349 | D:7      | Reached skill level 8 in Polearms
  6349 | D:7      | Reached XP level 9. HP: 59/66 MP: 10/12
  6404 | D:7      | Found Xesmi's Weapon Boutique.
  6541 | D:7      | Reached skill level 5 in Invocations
  7628 | D:8      | Reached ***** piety under Uskayaw
  7694 | D:8      | Found a staircase to the Lair.
  7694 | D:8      | Noticed a death yak
  7694 | D:8      | Noticed a death yak
  7695 | D:8      | Noticed a death yak
  7695 | D:8      | Noticed a death yak
  7695 | D:8      | Noticed a death yak
  7706 | D:8      | Noticed a death yak
  7708 | D:8      | Noticed a death yak
  8175 | D:8      | Reached skill level 5 in Fighting
  8244 | D:8      | Noticed a two-headed ogre
  8263 | D:8      | Killed a two-headed ogre
  8263 | D:8      | Reached skill level 5 in Armour
  8289 | D:8      | Noticed Harold
  8489 | D:8      | Killed Harold
  8489 | D:8      | Reached skill level 9 in Polearms
  8489 | D:8      | Gained mutation: You have hoof-like feet. [demonic
                  | ancestry]
  8489 | D:8      | Reached XP level 10. HP: 29/74 MP: 15/15
  8757 | D:8      | Noticed a two-headed ogre
  8781 | D:8      | Killed a two-headed ogre
  9001 | D:8      | Noticed a two-headed ogre
  9013 | D:8      | HP: 2/74 [two-headed ogre/+0 giant club (12)]
  9016 | D:8      | Slain by a two-headed ogre

Illustrated notes

Levels and vault maps discovered:
D:1:      dpeg_arrival_more_subterranean_lakeside_camping, layout_basic,
          glass_columns_a
D:2:      layout_rooms
D:3:      cheibrodos_thug_alley, layout_rooms, first_ration
D:4:      layout_gridville, old_standard_altar, serial_shops, shop, uniq_ijyb
D:5:      layout_basic, serial_shops, nicolae_shop_waterfront,
          serial_park_tiny_1, uniq_duvessa
D:6:      layout_basic, minmay_temple_entry_purple_smoke, grunt_tough_drop,
          uniq_menkaure
D:7:      layout_loops_corners, serial_shops, shop, uniq_pikel
D:8:      layout_loops_ring, dpeg_lair_monsters, the_bakery, uniq_harold
Temple:   kilobyte_greek_temple

Skill      XL: |  1  2  3  4  5  6  7  8  9 10 |
---------------+-------------------------------+-----
Dodging        | 3 4 |  4.2
Polearms       | 3 4 5 6 8 9 |  9.2
Armour         | 1 2 3 4 5 |  5.6
Fighting       | 3 4 5 |  5.5
Stealth        | 1 2 3 4 |  4.0
Invocations    | 1 4 7 |  7.7
Shields        | 1 2 |  2.6
Throwing       | |  1.7

Action                   |  1- 3 |  4- 6 |  7- 9 | 10-12 || total
-------------------------+-------+-------+-------+-------++-------
Melee: Trident           |   191 |   203 |   322 |       ||   716
       Kick              |       |    38 |   107 |     9 ||   154
       Unarmed           |       |     3 |       |       ||     3
       Spear             |       |       |    94 |    16 ||   110
Invok: Line Pass         |       |       |     3 |     1 ||     4
       Stomp             |       |       |     1 |       ||     1
  Use: Scroll            |       |     6 |     5 |       ||    11
       Potion            |       |       |     5 |     1 ||     6
 Stab: Distracted        |       |     4 |       |       ||     4
       Paralysed         |       |       |     7 |     1 ||     8
       Invisible         |       |       |     3 |       ||     3
       Confused          |       |       |     1 |       ||     1
  Eat: Chunk             |     2 |     8 |    12 |     1 ||    23
       Ration            |       |       |     1 |       ||     1
Armor: Storm dragon scal |   134 |    84 |   140 |       ||   358
       Scale mail        |       |       |     2 |       ||     2
Dodge: Dodged            |    76 |    67 |   115 |     4 ||   262
Block: Other             |    12 |    39 |    70 |     4 ||   125
       Reflection        |       |       |     9 |       ||     9
